 Dungeon Crawl Stone Soup version 0.26-b1-32-g5d43845318 (webtiles) character file.

Game seed: 18160650502595434364

235 Borgoz the Skirmisher (level 6, -10/52 HPs)
             Began as a Ghoul Fighter on Jan 13, 2021.
             Mangled by an orc warrior
             ... wielding a +0 morningstar
              (17 damage)
             ... on level 3 of the Dungeon.
             The game lasted 00:02:34 (1962 turns).

Borgoz the Skirmisher (Ghoul Fighter)               Turns: 1962, Time: 00:02:34

Health: -10/52     AC:  5    Str: 20    XL:     6   Next: 6%
Magic:  5/5        EV: 10    Int:  3    God:
Gold:   115        SH:  8    Dex: 10    Spells: 5/5 levels left

rFire    . . .     SeeInvis .   a - +0 long sword
rCold    + . .     Faith    .   c - +0 kite shield
rNeg     + + +     Spirit   .   h - +2 leather armour {rN+}
rPois    ∞         Reflect  .   (no helmet)
rElec    .         Harm     .   (no cloak)
rCorr    .         Rampage  .   (no gloves)
Will     .....                  (no boots)
Stlth    +.........             (no amulet)
HPRegen  0.00/turn              (no ring)
MPRegen  0.09/turn              (no ring)

@: about to teleport, attractive
A: claws 1, cold resistance 1, negative energy resistance 3, inhibited
regeneration, torment resistance, unbreathing
a: no special abilities


You were on level 3 of the Dungeon.
You visited 1 branch of the dungeon, and saw 3 of its levels.

You collected 115 gold pieces.

Inventory:

Hand Weapons
 a - a +0 long sword (weapon)
Armour
 c - a +0 kite shield (worn)
 h - a +2 leather armour of positive energy (worn)
Scrolls
 d - a scroll of blinking {unknown}


   Skills:
 + Level 4.1 Fighting
 * Level 3.5 Long Blades
 + Level 3.3 Armour
 * Level 2.7 Dodging
 - Level 2.6 Shields


You had 5 spell levels left.
You didn't know any spells.
Your spell library was empty.

Dungeon Overview and Level Annotations

Branches:
Dungeon (3/15)

Altars:
Nemelex Xobeh


Innate Abilities, Weirdness & Mutations

You thrive by killing the living.
You are immune to poison.
You have sharp fingernails.
Your flesh is cold resistant. (rC+)
You are immune to negative energy. (rN+++)
You do not regenerate when monsters are visible.
You are immune to unholy pain and torment.
You can survive without breathing.


Message History

Deactivating autopickup; reactivate with Ctrl-A.
Something tries to affect you, but you resist.
It was a potion of attraction.
You feel attractive to monsters. Something is pulled toward you!
You hit the orc but do no damage. You block the orc's attack.
You slash the orc warrior!
The orc warrior is moderately wounded.
The orc warrior barely misses you.
You hit the orc warrior but do no damage.
The orc warrior is moderately wounded.
The orc warrior hits you with a +0 morningstar.
* * * LOW HITPOINT WARNING * * *
You closely miss the orc warrior.
The orc warrior is moderately wounded.
You block the orc warrior's attack.
As you read the scroll of teleportation, it crumbles to dust.
You feel strangely unstable.
The orc warrior hits you with a +0 morningstar!
You die...

#########.# .### #.....#
#.#######+#########
####'#..)............#
#......###[..........###.
#...†..# #.....>.........
#......###...............
#......#.................
#.......#@##..............
#.......#o###+#...........
#.......#.o......8........
.....#####................
#................
#.....#..........
#.....#........[.
#.....#..........
#.....#..........


You could see an orc warrior and an orc.

Vanquished Creatures
  Sigmund (D:2)
  A hound skeleton (D:3)
  3 adders
  An adder skeleton (D:3)
  2 dart slugs
  2 leopard geckos (D:1)
  2 giant cockroaches (D:1)
  3 goblins
  4 hobgoblins
  A quokka (D:3)
  5 bats
  4 frilled lizards
  A jackal skeleton (D:3)
  6 kobolds
  5 rats
41 creatures vanquished.

Notes
Turn   | Place    | Note
-------+----------+-------------------------------------------
     0 | D:1      | Borgoz the Ghoul Fighter began the quest for the Orb.
     0 | D:1      | Reached XP level 1. HP: 19/19 MP: 0/0
    64 | D:1      | Reached XP level 2. HP: 8/26 MP: 1/1
   651 | D:1      | Found a sparkling altar of Nemelex Xobeh.
   667 | D:1      | Reached skill level 1 in Dodging
   803 | D:1      | Reached XP level 3. HP: 31/31 MP: 2/2
  1586 | D:2      | Noticed Sigmund
  1608 | D:2      | Killed Sigmund
  1609 | D:2      | Reached skill level 4 in Fighting
  1609 | D:2      | Reached XP level 4. HP: 40/40 MP: 3/3
  1609 | D:2      | Reached XP level 5. HP: 46/46 MP: 4/4
  1926 | D:3      | Reached XP level 6. HP: 39/52 MP: 5/5
  1941 | D:3      | Noticed an orc warrior
  1962 | D:3      | Mangled by an orc warrior

Illustrated notes

Levels and vault maps discovered:
D:1:      nzn_arrival_settlement, layout_basic, nemelex_diamond_rough_becter
D:2:      layout_basic, uniq_sigmund
D:3:      layout_basic, serial_undead, serial_undead_c, serial_undead_d,
          serial_undead_d, serial_undead_a, serial_undead_f, serial_undead_a,
          gup_sewer_entry_bubbles, minmay_cupped

Skill      XL: |  1  2  3 |
---------------+----------+-----
Long Blades    | 2 3 |  3.5
Dodging        | 1 2 |  2.7
Fighting       | 4 |  4.1
Armour         | 3 |  3.3
Shields        | |  2.6

Action                   |  1- 3 |  4- 6 || total
-------------------------+-------+-------++-------
Melee: Long sword        |    96 |    47 ||   143
  Use: Scroll            |     7 |     1 ||     8
       Potion            |     2 |     1 ||     3
Armor: Scale mail        |     9 |       ||     9
       Leather armour    |    21 |     7 ||    28
Dodge: Dodged            |    50 |    15 ||    65
Block: Kite shield       |    50 |    20 ||    70
       Rpst.: Long sword |    14 |     5 ||    19
